 Dungeon Crawl Stone Soup version 0.28-a0-1038-g9c4cb8273d (webtiles) character file.

Game seed: 5542780435388568518

86 enile the Skirmisher (level 4, 0/37 HPs)
             Began as a Barachi Warper on Dec 8, 2021.
             Succumbed to a scorpion's poison
             ... on level 2 of the Dungeon.
             The game lasted 00:05:28 (3098 turns).

enile the Skirmisher (Barachi Warper)               Turns: 3098, Time: 00:05:28

Health: 0/37       AC:  3    Str: 13 (15) XL:     4   Next: 49%
Magic:  4/7        EV: 11    Int: 10 (13) God:
Gold:   123        SH:  0    Dex: 10 (11) Spells: 2/7 levels left

rFire   . . .      SeeInvis .   a - +1 falchion
rCold   . . .      Faith    .   (no shield)
rNeg    . . .      Spirit   .   b - +0 leather armour
rPois   .          Reflect  .   (no helmet)
rElec   .          Harm     .   (no cloak)
rCorr   .          Rampage  .   (no gloves)
Will    .....                   (no boots)
Stlth   +.........              (no amulet)
HPRegen 0.12/turn               (no ring)
MPRegen 0.10/turn               (no ring)

@: lethally poisoned (0 -> -4), flying, slow
A: amphibious, slowness 1, strong legs 1, +LOS
a: Hop


You were on level 2 of the Dungeon.
You visited 1 branch of the dungeon, and saw 2 of its levels.

You collected 123 gold pieces.

Inventory:

Hand Weapons
 a - a +1 falchion (weapon)
Armour
 b - a +0 leather armour (worn)
Scrolls
 c - 3 scrolls of blinking
 f - a scroll of identify
 i - a scroll of holy word
 j - a scroll of fear
Potions
 k - a potion of lignification {unknown}


   Skills:
 - Level 4.0 Fighting
 + Level 3.2 Long Blades
 - Level 2.0 Throwing
 - Level 2.0 Armour
 - Level 2.1 Dodging
 - Level 1.0 Stealth
 - Level 2.1 Spellcasting
 - Level 3.2 Translocations


You had 2 spell levels left.
You knew the following spells:

 Your Spells              Type           Power      Damage    Failure   Level
a - Blink                 Tloc           14%        N/A       16%         2
b - Gell's Gravitas       Tloc           7%         N/A       30%         3

Your spell library contained the following spells:

 Spells                   Type           Power      Damage    Failure   Level
 Lesser Beckoning         Tloc           7%         N/A       30%         3
 Teleport Other           Tloc           7%         N/A       30%         3
 Manifold Assault         Tloc           7%         N/A       95%         5


Dungeon Overview and Level Annotations

Branches:
Dungeon (2/15)

Altars:


Innate Abilities, Weirdness & Mutations

You are amphibious.
You cover ground slowly.
You can hop short distances.
You have an extended range of vision and can be seen from far away.


Message History

You throw a boomerang of dispersal.
The boomerang of dispersal barely misses the scorpion.
You feel sick. The scorpion stings you.
Unknown command.
Unknown command.
Unknown command.
Unknown command.
Casting: Blink (safe; 12% risk of failure)
Confirm with . or Enter, or press ? or * to list all spells.
You blink.
You feel sick.
You feel sick.
You feel sick.
You hit the scorpion but do no damage.
You feel sick.
The scorpion stings you but does no damage.
You barely miss the scorpion.
You feel stable enough to blink again.
You feel sick. The scorpion stings you.
You are more poisoned.
The scorpion poisons you!
Casting: Blink (safe; 12% risk of failure)
Confirm with . or Enter, or press ? or * to list all spells.
You blink.
You feel very sick. The scorpion stings you!
* * * LOW HITPOINT WARNING * * *
The scorpion barely misses you.
* * * LOW HITPOINT WARNING * * *
You feel sick. The scorpion closely misses you.
* * * LOW HITPOINT WARNING * * *
You feel sick.
It was a potion of flight.
You feel very buoyant.
You fly up into the air.
* * * LOW HITPOINT WARNING * * *
You feel sick. The scorpion closely misses you.
It was a potion of degeneration.
There was something very wrong with that liquid.
You feel weakened.
You feel dopey.
You feel clumsy.
You feel stable enough to blink again.
You die...

†......# ..# #.....
.#.....# #.# #.###.
.##....# #.# #.
........... ..## #.
####.####### ##
#..#### .. #.#
#.##.....# ## ##+##
#.#....#
##...##########....##
##.........##..s@#.##
#
#...............####
.. .............#.##
#. ..........#.####
## .........#### #
#.........#.####
##.....#.....#.##
##...##........#### .
##'#####.#.....#.## #


You could see a scorpion.

Vanquished Creatures
  A gnoll (D:1)
  An adder (D:2)
  2 worms (D:2)
  2 dart slugs
  2 bats
  5 endoplasms
  2 giant cockroaches
  8 goblins
  5 hobgoblins
  3 jackals (D:1)
  8 kobolds
  2 quokkas (D:1)
  3 ball pythons
  3 frilled lizards
  4 rats
51 creatures vanquished.

Vanquished Creatures (others)
  A plant (D:1)
1 creature vanquished.

Grand Total: 52 creatures vanquished

Notes
Turn   | Place    | Note
-------+----------+-------------------------------------------
     0 | D:1      | enile the Barachi Warper began the quest for the Orb.
     0 | D:1      | Reached XP level 1. HP: 17/17 MP: 3/3
   188 | D:1      | Reached skill level 3 in Fighting
   197 | D:1      | Reached XP level 2. HP: 10/24 MP: 5/5
   698 | D:1      | Learned a level 2 spell: Blink
   750 | D:1      | Reached skill level 1 in Stealth
   750 | D:1      | Reached XP level 3. HP: 27/29 MP: 6/6
  2073 | D:2      | Reached XP level 4. HP: 25/35 MP: 7/7
  2077 | D:2      | Learned a level 3 spell: Gell's Gravitas
  2732 | D:2      | Reached skill level 4 in Fighting
  3083 | D:2      | Noticed a scorpion
  3097 | D:2      | HP: 1/37 [poisoned by a scorpion]
  3098 | D:2      | Succumbed to a scorpion's poison

Illustrated notes

Levels and vault maps discovered:
D:1:      giann_bridges, layout_rooms, kennysheep_crisscross, st_stairs_14,
          grunt_decor_cap, minmay_fountain_box
D:2:      layout_loops_corners, nicolae_figureground_pulse

Skill      XL: |  1  2  3  4 |
---------------+-------------+-----
Fighting       | 3 4 |  4.0
Long Blades    | 3 |  3.2
Armour         | 2 |  2.0
Stealth        | 1 |  1.0
Throwing       | 2 |  2.0
Dodging        | |  2.1
Spellcasting   | |  2.1
Translocations | |  3.2

Action                   |  1- 3 |  4- 6 || total
-------------------------+-------+-------++-------
Melee: Falchion          |   142 |    66 ||   208
Throw: Boomerang         |     3 |     2 ||     5
 Cast: Blink             |     2 |     2 ||     4
 Abil: Hop               |     2 |       ||     2
  Use: Scroll            |       |     4 ||     4
       Potion            |       |     2 ||     2
Armor: Leather armour    |    32 |    16 ||    48
Dodge: Dodged            |    89 |    43 ||   132

Table legend: (Time is in decaauts)
 A = Elapsed time spent in this place.
 B = Non-inter-level travel time spent in this place.
 C = Inter-level travel time spent in this place.
 D = Time resting spent in this place.
 E = Time spent auto-exploring this place.
 F = Levels seen in this place.
 G = Mean time per level.
                   A        B        C        D        E       F      G
               +--------+--------+--------+--------+--------+-----+--------+
         Total |   3341 |   3336 |      5 |      0 |   2824 |   2 | 1670.5 |
       Dungeon |   3341 |   3336 |      5 |      0 |   2824 |   2 | 1670.5 |
               +--------+--------+--------+--------+--------+-----+--------+

Top non-repeatable levels by time:
     D:1: 1877 daAuts
     D:2: 1463 daAuts
